Workbook

Sheet IS_5yr
A1: Line Item (GBP £ Millions) | B1: FY 2021 | C1: FY 2022 | D1: FY 2023 | E1: FY 2024 | F1: FY 2025
A2: Statutory Revenue | B2: 589.4 | C2: 1703.4 | D2: 2625.2 | E2: 2959.9 | F2: 2921.9
A3: Operating Costs (Before Adjusting Items) | B3: -1237.8 | C3: -1645 | D3: -2151 | E3: -2395.1 | F3: -2447.9
A4: Adjusted Operating Profit / (Loss) | B4: -648.4 | C4: 58.4 | D4: 474.2 | E4: 564.8 | F4: 474
A5: Adjusting Items | B5: -284.1 | C5: -40.4 | D5: -35 | E5: -109 | F5: -116
A6: Statutory Operating Profit / (Loss) | B6: -932.5 | C6: 18 | D6: 439.2 | E6: 455.8 | F6: 358
A7: Net Finance (Costs) / Income | B7: -74.9 | C7: -76.2 | D7: -64.2 | E7: -3.8 | F7: 10
A8: Statutory Profit / (Loss) Before Tax | B8: -1007.4 | C8: 58.2 | D8: 375 | E8: 452 | F8: 368
A9: Taxation Benefit / (Expense) | B9: 100.9 | C9: -15.7 | D9: -96.2 | E9: -140 | F9: -114
A10: Statutory Profit / (Loss) for the Year | B10: -906.5 | C10: 42.5 | D10: 278.8 | E10: 312 | F10: 254

Sheet BS_5yr
A1: Balance Sheet Component (GBP £ Millions) | B1: FY 2021 | C1: FY 2022 | D1: FY 2023 | E1: FY 2024 | F1: FY 2025
A2: NON-CURRENT ASSETS
A3: Property, Plant and Equipment | B3: 4213.1 | C3: 4227.1 | D3: 4554 | E3: 4600 | F3: 4700
A4: Right-of-Use Assets | B4: 2800 | C4: 3267.6 | D4: 3505 | E4: 3600 | F4: 3700
A5: Defined Benefit Pension Scheme Surplus | B5: 188 | C5: 522.6 | D5: 325 | E5: 165 | F5: 135
A6: Total Non-Current Assets | B6: =SUM(B3:B5) -> 7201.1 | C6: =SUM(C3:C5) -> 8017.3 | D6: =SUM(D3:D5) -> 8384 | E6: =SUM(E3:E5) -> 8365 | F6: =SUM(F3:F5) -> 8535
A7: CURRENT ASSETS
A8: Cash and Cash Equivalents | B8: 1256 | C8: 1132.4 | D8: 1165 | E8: 697 | F8: 909
A9: Trade, Other Receivables & Inventories | B9: 74.2 | C9: 116.4 | D9: 120 | E9: 125 | F9: 130
A10: Total Current Assets | B10: =SUM(B8:B9) -> 1330.2 | C10: =SUM(C8:C9) -> 1248.8 | D10: =SUM(D8:D9) -> 1285 | E10: =SUM(E8:E9) -> 822 | F10: =SUM(F8:F9) -> 1039
A11: TOTAL ASSETS | B11: =B6+B10 -> 8531.3 | C11: =C6+C10 -> 9266.1 | D11: =D6+D10 -> 9669 | E11: =E6+E10 -> 9187 | F11: =F6+F10 -> 9574
A12: CURRENT LIABILITIES
A13: Trade, Other Payables & Provisions | B13: 316.5 | C13: 570.7 | D13: 585 | E13: 590 | F13: 610
A14: Short-Term Borrowings & Maturities | B14: 75.1 | C14: 25 | D14: 30 | E14: 450 | F14: 25
A15: Total Current Liabilities | B15: =SUM(B13:B14) -> 391.6 | C15: =SUM(C13:C14) -> 595.7 | D15: =SUM(D13:D14) -> 615 | E15: =SUM(E13:E14) -> 1040 | F15: =SUM(F13:F14) -> 635
A16: NON-CURRENT LIABILITIES
A17: Lease Liabilities | B17: 1827.5 | C17: 3701.8 | D17: 3958 | E17: 4100 | F17: 4220
A18: Long-Term Bonds & Borrowings | B18: 981 | C18: 1000 | D18: 1000 | E18: 1000 | F18: 1250
A19: Total Non-Current Liabilities | B19: =SUM(B17:B18) -> 2808.5 | C19: =SUM(C17:C18) -> 4701.8 | D19: =SUM(D17:D18) -> 4958 | E19: =SUM(E17:E18) -> 5100 | F19: =SUM(F17:F18) -> 5470
A20: TOTAL LIABILITIES | B20: =B15+B19 -> 3200.1 | C20: =C15+C19 -> 5297.5 | D20: =D15+D19 -> 5573 | E20: =E15+E19 -> 6140 | F20: =F15+F19 -> 6105
A21: SHAREHOLDERS' EQUITY
A22: Total Equity / Net Assets | B22: =B11-B20 -> 5331.2 | C22: =C11-C20 -> 3968.6 | D22: =D11-D20 -> 4096 | E22: =E11-E20 -> 3047 | F22: =F11-F20 -> 3469
A23: TOTAL EQUITY AND LIABILITIES | B23: =B22+B20 -> 8531.3 | C23: =C22+C20 -> 9266.1 | D23: =D22+D20 -> 9669 | E23: =E22+E20 -> 9187 | F23: =F22+F20 -> 9574

Sheet CF_5yr
A1: Cash Flow Component (GBP £ Millions) | B1: FY 2021 | C1: FY 2022 | D1: FY 2023 | E1: FY 2024 | F1: FY 2025
A2: CASH FLOWS FROM OPERATING ACTIVITIES
A3: Statutory Operating Profit / (Loss) | B3: -932.5 | C3: 18 | D3: 439.2 | E3: 455.8 | F3: 358
A4: Depreciation and Amortisation | B4: 342.1 | C4: 355 | D4: 362 | E4: 370 | F4: 381
A5: Change in Working Capital & Other Adjustments | B5: 112.4 | C5: 30.4 | D5: -82.2 | E5: -38.8 | F5: -16
A6: Interest & Taxes Paid | B6: -91 | C6: -68.4 | D6: -40 | E6: -51 | F6: -45
A7: Net Cash Generated From Operating Activities | B7: =SUM(B3:B6) -> -569 | C7: =SUM(C3:C6) -> 335 | D7: =SUM(D3:D6) -> 679 | E7: =SUM(E3:E6) -> 736 | F7: =SUM(F3:F6) -> 678
A8: CASH FLOWS FROM INVESTING ACTIVITIES
A9: Capital Expenditure / Purchase of PPE | B9: -171 | C9: -261 | D9: -546 | E9: -500 | F9: -520
A10: Other Investing Cash Flows | B10: 12 | C10: 5.2 | D10: -10 | E10: 8 | F10: 14
A11: Net Cash Used In Investing Activities | B11: =SUM(B9:B10) -> -159 | C11: =SUM(C9:C10) -> -255.8 | D11: =SUM(D9:D10) -> -556 | E11: =SUM(E9:E10) -> -492 | F11: =SUM(F9:F10) -> -506
A12: CASH FLOWS FROM FINANCING ACTIVITIES
A13: Repayment of Lease Liabilities & Borrowings | B13: -120 | C13: -112 | D13: -135 | E13: -148 | F13: -155
A14: Dividends Paid to Shareholders | B14: 0 | C14: 0 | D14: -145 | E14: -195 | F14: -202
A15: Net Cash Used In Financing Activities | B15: =SUM(B13:B14) -> -120 | C15: =SUM(C13:C14) -> -112 | D15: =SUM(D13:D14) -> -280 | E15: =SUM(E13:E14) -> -343 | F15: =SUM(F13:F14) -> -357
A16: NET MOVE IN CASH POSITION
A17: Net Increase / (Decrease) in Cash | B17: =B7+B11+B15 -> -848 | C17: =C7+C11+C15 -> -32.8 | D17: =D7+D11+D15 -> -157 | E17: =E7+E11+E15 -> -99 | F17: =F7+F11+F15 -> -185
A18: Cash at Beginning of Year | B18: 1434.9 | C18: 1256 | D18: 1132.4 | E18: 1165 | F18: 697
A19: Cash at End of Year | B19: =B17+B18 -> 586.9 | C19: =C17+C18 -> 1223.2 | D19: =D17+D18 -> 975.4 | E19: =E17+E18 -> 1066 | F19: =F17+F18 -> 512

Sheet Ratios_5yr
A1: Financial Ratios | B1: FY 2021 | C1: FY 2022 | D1: FY 2023 | E1: FY 2024 | F1: FY 2025
A2: PROFITABILITY
A3: Operating Margin | B3: =IS_5yr!B6/IS_5yr!B2 -> -1.5821174 | C3: =IS_5yr!C6/IS_5yr!C2 -> 0.010567101 | D3: =IS_5yr!D6/IS_5yr!D2 -> 0.16730154 | E3: =IS_5yr!E6/IS_5yr!E2 -> 0.15399169 | F3: =IS_5yr!F6/IS_5yr!F2 -> 0.12252302
A4: Net Profit Margin | B4: =IS_5yr!B10/IS_5yr!B2 -> -1.5380048 | C4: =IS_5yr!C10/IS_5yr!C2 -> 0.0249501 | D4: =IS_5yr!D10/IS_5yr!D2 -> 0.10620143 | E4: =IS_5yr!E10/IS_5yr!E2 -> 0.10540897 | F4: =IS_5yr!F10/IS_5yr!F2 -> 0.086929737
A5: Return on Equity (ROE) | B5: =IS_5yr!B10/BS_5yr!B22 -> -0.17003676 | C5: =IS_5yr!C10/BS_5yr!C22 -> 0.010709066 | D5: =IS_5yr!D10/BS_5yr!D22 -> 0.068066406 | E5: =IS_5yr!E10/BS_5yr!E22 -> 0.1023958 | F5: =IS_5yr!F10/BS_5yr!F22 -> 0.073219948
A6: LIQUIDITY
A7: Current Ratio | B7: =BS_5yr!B10/BS_5yr!B15 -> 3.3968335 | C7: =BS_5yr!C10/BS_5yr!C15 -> 2.0963572 | D7: =BS_5yr!D10/BS_5yr!D15 -> 2.0894309 | E7: =BS_5yr!E10/BS_5yr!E15 -> 0.79038462 | F7: =BS_5yr!F10/BS_5yr!F15 -> 1.6362205
A8: Quick Ratio | B8: =(BS_5yr!B8+BS_5yr!B9)/BS_5yr!B15 -> 3.3968335 | C8: =(BS_5yr!C8+BS_5yr!C9)/BS_5yr!C15 -> 2.0963572 | D8: =(BS_5yr!D8+BS_5yr!D9)/BS_5yr!D15 -> 2.0894309 | E8: =(BS_5yr!E8+BS_5yr!E9)/BS_5yr!E15 -> 0.79038462 | F8: =(BS_5yr!F8+BS_5yr!F9)/BS_5yr!F15 -> 1.6362205
A9: Cash Ratio | B9: =BS_5yr!B8/BS_5yr!B15 -> 3.2073544 | C9: =BS_5yr!C8/BS_5yr!C15 -> 1.9009569 | D9: =BS_5yr!D8/BS_5yr!D15 -> 1.8943089 | E9: =BS_5yr!E8/BS_5yr!E15 -> 0.67019231 | F9: =BS_5yr!F8/BS_5yr!F15 -> 1.4314961
A10: EFFICIENCY
A11: Asset Turnover | B11: =IS_5yr!B2/BS_5yr!B11 -> 0.069086775 | C11: =IS_5yr!C2/BS_5yr!C11 -> 0.18383139 | D11: =IS_5yr!D2/BS_5yr!D11 -> 0.27150688 | E11: =IS_5yr!E2/BS_5yr!E11 -> 0.32218352 | F11: =IS_5yr!F2/BS_5yr!F11 -> 0.30519114
A12: Fixed Asset Turnover | B12: =IS_5yr!B2/BS_5yr!B3 -> 0.13989699 | C12: =IS_5yr!C2/BS_5yr!C3 -> 0.4029713 | D12: =IS_5yr!D2/BS_5yr!D3 -> 0.57646025 | E12: =IS_5yr!E2/BS_5yr!E3 -> 0.64345652 | F12: =IS_5yr!F2/BS_5yr!F3 -> 0.62168085
A13: LEVERAGE
A14: Interest Coverage Ratio | B14: =ABS(IS_5yr!B6/IS_5yr!B7) -> 12.449933 | C14: =ABS(IS_5yr!C6/IS_5yr!C7) -> 0.23622047 | D14: =ABS(IS_5yr!D6/IS_5yr!D7) -> 6.8411215 | E14: =ABS(IS_5yr!E6/IS_5yr!E7) -> 119.94737 | F14: =ABS(IS_5yr!F6/IS_5yr!F7) -> 35.8
A15: Debt to Equity Ratio | B15: =(BS_5yr!B14+BS_5yr!B17+BS_5yr!B18)/BS_5yr!B22 -> 0.54089136 | C15: =(BS_5yr!C14+BS_5yr!C17+BS_5yr!C18)/BS_5yr!C22 -> 1.1910497 | D15: =(BS_5yr!D14+BS_5yr!D17+BS_5yr!D18)/BS_5yr!D22 -> 1.2177734 | E15: =(BS_5yr!E14+BS_5yr!E17+BS_5yr!E18)/BS_5yr!E22 -> 1.8214637 | F15: =(BS_5yr!F14+BS_5yr!F17+BS_5yr!F18)/BS_5yr!F22 -> 1.58403
A16: INVESTMENT RATIOS
A17: Return on Equity (ROE) | B17: -0.17003676 | C17: 0.010709066 | D17: 0.068066406 | E17: 0.1023958 | F17: 0.073219948
A18: Return on Assets (ROA) | B18: -0.10625579 | C18: 0.0045866114 | D18: 0.028834419 | E18: 0.033961032 | F18: 0.026530186
A19: Price/Earnings (P/E) Ratio | B19: -7.05 | C19: 138.58 | D19: 22.32 | E19: 20.52 | F19: 18.9
A20: CASH FLOW RATIOS
A21: Operating Cash Flow Ratio | B21: -1.4530133 | C21: 0.56236361 | D21: 1.104065 | E21: 0.70769231 | F21: 1.0677165
A22: Free Cash Flow Margin | B22: -1.2555141 | C22: 0.043442527 | D22: 0.050662807 | E22: 0.079732423 | F22: 0.054074404

Sheet Benchmark
A1: Benchmark Comparison (Latest Year - FY 2025) | B1: Whitbread PLC | C1: Accor SA | D1: TUI AG
A2: INVESTMENT RATIOS
A3: Return on Equity (ROE) | B3: 0.0732 | C3: 0.0956 | D3: 0.4776
A4: Return on Assets (ROA) | B4: 0.0265 | C4: 0.0384 | D4: 0.0464
A5: Price/Earnings (P/E) Ratio | B5: 18.9 | C5: 19.4 | D5: 6.19
A6: CASH FLOW RATIOS
A7: Operating Cash Flow Ratio | B7: 1.07 | C7: 0.3 | D7: 0.21
A8: Free Cash Flow Margin | B8: 0.0541 | C8: 0.0674 | D8: 0.0546
